 Dungeon Crawl Stone Soup version 0.30-a0-924-g0ad0bf95bc (webtiles) character file.

Game seed: 1405357706336797752

254 BlueFish the Sneak (level 6, -5/41 HPs)
             Began as an Octopode Warper on Mar 23, 2023.
             Killed from afar by a steam dragon (21 damage)
             ... with a ball of steam
             ... on level 4 of the Dungeon.
             The game lasted 00:08:21 (3606 turns).

BlueFish the Sneak (Octopode Warper)                Turns: 3606, Time: 00:08:22

Health: -5/41      AC:  1    Str: 12    XL:     6   Next: 14%
Magic:  10/10      EV: 13    Int: 16    God:
Gold:   82         SH:  0    Dex: 11    Spells: 3/10 levels left

rFire   . . .      SeeInvis +      - Unarmed
rCold   . . .      Faith    .    (no shield)
rNeg    . . .      Spirit   .    (helmet restricted)
rPois   .          Reflect  .    (no amulet)
rElec   .          Rampage  .    e - ring of see invisible
rCorr   .                        (no ring)
Will    .....                    (no ring)
Stlth   +++                      (no ring)
HPRegen 0.26/turn                (no ring)
MPRegen 0.12/turn                (no ring)
                                 (no ring)
                                 (no ring)

@: no status effects
A: almost no armour, amphibious, 8 rings, camouflage 1, gelatinous body 1,
(nimble swimmer 1), tentacles
a: no special abilities


You were on level 4 of the Dungeon.
You visited 1 branch of the dungeon, and saw 4 of its levels.
You also visited: Sewer.

You collected 82 gold pieces.

Inventory:

Missiles
 b - 9 boomerangs of dispersal (quivered)
 o - 3 curare-tipped darts
Jewellery
 e - a ring of see invisible (left tentacle)
Scrolls
 a - a scroll of blinking
 d - 4 scrolls of identify {unknown}
 f - 2 scrolls of teleportation
 g - a scroll of enchant armour
 h - a scroll of vulnerability {unknown}
 j - a scroll of immolation {unknown}
 l - a scroll of noise {unknown}
 s - a scroll of fog {unknown}
Potions
 c - 4 potions of heal wounds {unknown}
 i - 4 potions of magic {unknown}
 k - a potion of brilliance {unknown}
 m - a potion of berserk rage {unknown}
 n - 2 potions of curing {unknown}
 p - a potion of attraction {unknown}
 q - a potion of invisibility {unknown}
 r - a potion of flight {unknown}


   Skills:
 + Level 2.7 Fighting
 + Level 2.1 Throwing
 + Level 3.2 Dodging
 * Level 4.1 Stealth
 + Level 2.7 Unarmed Combat
 + Level 2.7 Spellcasting
 + Level 3.6 Translocations


You had 3 spell levels left.
You knew the following spells:

 Your Spells              Type           Power      Damage    Failure   Level
a - Blink                 Tloc           26%        N/A       7%          2
b - Lesser Beckoning      Tloc           26%        N/A       7%          2
c - Teleport Other        Tloc           13%        N/A       13%         3

Your spell library contained the following spells:

 Spells                   Type           Power      Damage    Failure   Level
 Magic Dart               Conj           8%         1d3       19%         1
 Cigotuvi's Dreadful Rot  Necr/Pois/Air  4%         N/A       28%         2
 Searing Ray              Conj           4%         2d4       28%         2
 Vhi's Electric Charge    Tloc/Air       14%        N/A       28%         3
 Ignite Poison            Fire/Tmut/Pois 2%         N/A       50%         3
 Spider Form              Tmut/Pois      2%         N/A       50%         3
 Manifold Assault         Tloc           13%        N/A       41%         4
 Cause Fear               Hex            1%         N/A       88%         4
 Fulminant Prism          Conj/Hex       1%         3d5       88%         4
 Olgreb's Toxic Radiance  Pois           2%         N/A       88%         4
 Dragon Form              Tmut           1%         N/A       100%        7
 Dragon's Call            Summ           1%         N/A       100%        9


Dungeon Overview and Level Annotations

Branches:
Dungeon (4/15)              Sewer (visited)
 Temple: D:4-7

Altars:
Xom

Shops:
D:1 (


Innate Abilities, Weirdness & Mutations

You cannot wear most types of armour.
You are amphibious.
You can wear up to eight rings at the same time.
Your skin changes colour to match your surroundings (Stealth+).
Your rubbery body absorbs attacks. (AC +1, EV +1)
((You are camouflaged when in or above water. (Stealth+)))
You have tentacles for arms and can constrict up to eight enemies at once.


Message History

The phantom hits you but does no damage.
The orc shouts!
You tentacle-slap the phantom. Your squeeze misses the phantom.
The phantom is lightly damaged.
The orc wizard casts a spell at you. The magic dart hits you!
* * * LOW HITPOINT WARNING * * *
The phantom barely misses you.
The ball python hisses angrily.
The phantom hits you.
* * * LOW HITPOINT WARNING * * *
The orc wizard casts a spell at you. You resist with some effort.
Blink to where?
Press: ? - help, Dir - move target
As you read the scroll of blinking, it crumbles to dust.
You climb upwards.
There is a stone staircase leading down here.
HP restored.
Done exploring.
There is a stone staircase leading down here.
You climb downwards.
The steam dragon breathes steam at you. The ball of steam hits you!
There is a stone staircase leading up here.
You are engulfed in a cloud of scalding steam.
You climb upwards.
There is a stone staircase leading down here.
HP restored.
Done exploring.
You climb downwards.
The steam dragon breathes steam at you. The ball of steam hits you!!
Ouch! That really hurt!
There is a stone staircase leading up here.
You are engulfed in a cloud of scalding steam.
The steam dragon breathes steam at you. The ball of steam hits you!!
Ouch! That really hurt!
You die...

.............
............
#...........
#...........
#.D§........
##.§§§....#.
#..§........
#...@.......
#....§.....#
#....§.....#
#).........#
##........##
##......##
########


You could see a steam dragon (catching breath).

Vanquished Creatures
  A scorpion (D:4)
  A hell rat (Sewer)
  4 adders
  3 river rats (Sewer)
  3 worms
  3 dart slugs
  3 orcs (D:3)
  13 ball pythons
  9 bats
  10 endoplasms
  4 giant cockroaches
  6 goblins
  7 hobgoblins
  6 quokkas
  3 frilled lizards
  2 kobolds
  12 rats
90 creatures vanquished.

Notes
Turn   | Place    | Note
-------+----------+-------------------------------------------
     0 | D:1      | BlueFish the Octopode Warper began the quest for the Orb.
     0 | D:1      | Reached XP level 1. HP: 14/14 MP: 3/3
   111 | D:1      | Reached skill level 1 in Stealth
   111 | D:1      | Reached XP level 2. HP: 19/19 MP: 5/5
   114 | D:1      | Learned a level 2 spell: Blink
   128 | D:1      | Found a faded altar of an unknown god.
   143 | D:1      | Learned a level 2 spell: Lesser Beckoning
   310 | D:1      | Got the Almanac of the Black Widow
   401 | D:1      | Found Wucwut's Weapon Boutique.
   406 | D:1      | Reached XP level 3. HP: 24/24 MP: 6/6
   475 | D:1      | Reached skill level 2 in Stealth
   844 | D:2      | Found a shimmering altar of Xom.
  1209 | D:2      | Reached XP level 4. HP: 10/29 MP: 7/7
  1213 | D:2      | Learned a level 3 spell: Teleport Other
  1295 | D:2      | Found the +0 toga "Victory" {*Victory Clar}
  2066 | D:3      | Found a glowing drain.
  2078 | Sewer    | Entered a sewer
  2092 | Sewer    | Reached skill level 3 in Stealth
  2129 | Sewer    | Reached XP level 5. HP: 23/35 MP: 8/8
  3176 | D:4      | Noticed a steam dragon
  3299 | D:4      | Reached skill level 4 in Stealth
  3299 | D:4      | Reached XP level 6. HP: 38/41 MP: 8/10
  3606 | D:4      | Killed from afar by a steam dragon

Illustrated notes

Levels and vault maps discovered:
D:1:      lightli_arrival_statue_moat, layout_basic, basic_ecumenical_altar,
          serial_shops, shop
D:2:      minmay_spotlight, layout_basic, basic_altar,
          hangedman_decor_diamond_cutter, minmay_misc_feat_x
D:3:      layout_basic, cheibrodos_sewer_entry_bend, minmay_misc_feat_enclosed,
          st_stairs_11, roderic_malta_cross, minmay_cut_off
D:4:      layout_rooms, nicolae_uskayaw_murder_on_the_dancefloor,
          minmay_misc_feat_iff, serial_park_tiny_1, minmay_fire_ice_demons

Skill      XL: |  1  2  3  4  5 |
---------------+----------------+-----
Stealth        | 1 2 3 4 |  4.1
Dodging        | 3 |  3.2
Throwing       | 2 |  2.1
Fighting       | |  2.7
Unarmed Combat | |  2.7
Spellcasting   | |  2.7
Translocations | |  3.6

Action                     |  1- 3 |  4- 6 || total
---------------------------+-------+-------++-------
  Melee: Unarmed           |    90 |   141 ||   231
         Constrict         |    21 |    27 ||    48
         Tentacles         |    14 |    27 ||    41
         Punch             |     4 |     3 ||     7
    Use: Scroll            |     1 |     2 ||     3
   Stab: Sleeping          |    15 |    15 ||    30
 Armour: Skin              |    11 |     9 ||    20
  Dodge: Dodged            |    47 |    69 ||   116

Table legend: (Time is in decaauts)
 A = Elapsed time spent in this place.
 B = Non-inter-level travel time spent in this place.
 C = Inter-level travel time spent in this place.
 D = Time resting spent in this place.
 E = Time spent auto-exploring this place.
 F = Levels seen in this place.
 G = Mean time per level.
                   A        B        C        D        E       F      G
               +--------+--------+--------+--------+--------+-----+--------+
         Total |   3596 |   3353 |    243 |      8 |   2572 |   5 |  719.2 |
       Dungeon |   3392 |   3149 |    243 |      8 |   2438 |   4 |  848.0 |
         Sewer |    204 |    204 |      0 |      0 |    134 |   1 |  204.0 |
               +--------+--------+--------+--------+--------+-----+--------+

Top non-repeatable levels by time:
     D:3: 1491 daAuts
     D:2: 1196 daAuts
     D:1: 657 daAuts
   Sewer: 204 daAuts
     D:4: 47 daAuts
